 Dungeon Crawl Stone Soup version 0.30-a0-965-g42e074c17a (webtiles) character file.

Game seed: 15016091821371165334

827 octoduck the Cleaver (level 7, -5/45 HPs)
             Began as a Demonspawn Gladiator on Mar 31, 2023.
             Was a Follower of Hepliaklqana.
             Slain by an orc warrior
             ... wielding a +0 trident
              (13 damage)
             ... on level 6 of the Dungeon.
             The game lasted 00:11:52 (6280 turns).

octoduck the Cleaver (Demonspawn Gladiator)         Turns: 6280, Time: 00:11:53

Health: -5/45      AC:  7    Str: 15    XL:     7   Next: 64%
Magic:  7/7        EV: 26    Int: 11    God:    Hepliaklqana [*.....]
Gold:   221        SH:  0    Dex: 14    Spells: 6/6 levels left

rFire   . . .      SeeInvis .    a - +0 war axe
rCold   . . .      Faith    .    (no shield)
rNeg    . . .      Spirit   .    k - +0 ring mail
rPois   .          Reflect  .    c - +0 helmet
rElec   .          Rampage  .    (no cloak)
rCorr   +                        q - +0 pair of gloves
Will    .....                    (no boots)
Stlth   +                        x - amulet of the acrobat
HPRegen 0.27/turn                h - ring of resist corrosion
MPRegen 0.10/turn                (no ring)

@: acrobatic
A: reduced essence, demonic magic 2
a: Renounce Religion, Recall Ancestor, Ancestor Identity


You were on level 6 of the Dungeon.
You worshipped Hepliaklqana.
Hepliaklqana was aware of your devotion.
You visited 1 branch of the dungeon, and saw 6 of its levels.

You collected 221 gold pieces.

Inventory:

Hand Weapons
 a - a +0 war axe (weapon)
Missiles
 d - a throwing net (quivered)
 e - 4 javelins
 v - 8 poisoned darts
Armour
 b - a +0 leather armour
 c - a +0 helmet (worn)
 k - a +0 ring mail (worn)
 l - a +0 plate armour
 q - a +0 pair of gloves (worn)
Jewellery
 h - a ring of resist corrosion (left hand)
 i - a ring of fire
 x - an amulet of the acrobat (around neck)
 z - an amulet of reflection
Wands
 n - a wand of flame (20)
 p - a wand of polymorph (10)
 s - a wand of digging (4)
Scrolls
 r - a scroll of enchant armour {unknown}
 u - a scroll of vulnerability {unknown}
 w - a scroll of blinking {unknown}
 y - a scroll of noise {unknown}
Potions
 f - 3 potions of heal wounds
 g - 2 potions of lignification
 j - a potion of resistance {unknown}
 m - a potion of cancellation {unknown}
 o - a potion of magic {unknown}
 t - 2 potions of flight


   Skills:
 - Level 2.0 Fighting
 + Level 8.4 Axes
 - Level 1.7 Throwing
 - Level 2.6 Dodging


You had 6 spell levels left.
You didn't know any spells.
Your spell library contained the following spells:

 Spells                   Type           Power      Damage    Failure   Level
 Slow                     Hex            0%         N/A       56%         1
 Confusing Touch          Hex            0%         N/A       91%         3
 Vampiric Draining        Necr           0%         2d6       91%         3


Dungeon Overview and Level Annotations

Branches:
Dungeon (6/15)
 Temple: D:4-7

Altars:
Hepliaklqana
Trog
Uskayaw
Vehumet

Shops:
D:4 [


Innate Abilities, Weirdness & Mutations

Your life essence is reduced to manifest your ancestor. (-10% HP)
Spells you cast may paralyse nearby enemies.


Message History

Amala emerges from the mists of memory!
You start resting.
HP restored.
You swap places.
Things that are here:
a +0 war axe; an orc corpse You see here a +0 club.
There is a stone staircase leading down here.
You climb downwards.
There is a stone staircase leading up here.
The orc shouts!
Amala hits the orc.
The orc hits Amala with a +0 whip.
Amala hits the orc!
The orc dies!
You start waiting.
An orc warrior is nearby!
Amala closely misses the orc warrior.
The orc warrior misses you.
Amala misses the orc warrior.
The orc warrior closely misses you.
Amala closely misses the orc warrior.
You hit the orc warrior but do no damage.
The orc warrior hits you with a +0 trident!
Amala hits the orc warrior.
You hit the orc warrior.
The orc warrior is moderately wounded.
The orc warrior hits you with a +0 trident.
Amala barely misses the orc warrior.
You closely miss the orc warrior.
The orc warrior is moderately wounded.
The orc warrior hits you with a +0 trident.
Amala hits the orc warrior.
You hit the orc warrior but do no damage.
The orc warrior is moderately wounded.
The orc warrior hits you with a +0 trident!
* * * LOW HITPOINT WARNING * * *
Amala hits the orc warrior but does no damage.
The orc warrior attacks as you move away!
The orc warrior barely misses you. The orc warrior misses you.
Amala hits the orc warrior but does no damage.
The orc warrior hits you from afar with a +0 trident!
You die...

####...###.##........
#...# #.##.##..### #...#
#.##.......# #...#
#.....o..oo. #...#
####..##.#.#
#...######..##....
#######<..#...##..##.#..
..................##.#..
.......@................
.................####.#.
#######..o#...#.#####.#.
##..R#####.##......
#.....# #.##.##.##
##...## #.......##
######...# ####.#####
#........# ####.### #
#.####...# #......# #


You could see the friendly Amala the ancestor and an orc warrior (ally target).

Vanquished Creatures
  A water moccasin (D:6)
  2 ogres
  A bullfrog (D:6)
  A scorpion (D:5)
  Dowan (D:6)
  A howler monkey (D:6)
  A jelly (D:4)
  2 hounds
  2 sleepcaps
  An iguana (D:4)
  Natasha (twice) (D:4)
  4 adders
  2 ufetubi
  A worm (D:4)
  3 dart slugs
  7 orcs
  6 endoplasms
  4 giant cockroaches
  5 goblins
  8 hobgoblins
  7 jackals
  3 quokkas
  5 ball pythons
  4 bats
  5 frilled lizards
  4 kobolds
  5 rats
88 creatures vanquished.

Vanquished Creatures (collateral kills)
  An orc (D:6)
1 creature vanquished.

Vanquished Creatures (others)
  An ancestor (D:6)
1 creature vanquished.

Grand Total: 90 creatures vanquished

Notes
Turn   | Place    | Note
-------+----------+-------------------------------------------
     0 | D:1      | octoduck the Demonspawn Gladiator began the quest for the
                  | Orb.
     0 | D:1      | Reached XP level 1. HP: 16/16 MP: 1/1
   106 | D:1      | Reached skill level 3 in Axes
   147 | D:1      | Gained mutation: Spells you cast may paralyse adjacent
                  | enemies. [demonic ancestry]
   147 | D:1      | Reached XP level 2. HP: 17/22 MP: 2/2
   279 | D:1      | Found a faded altar of an unknown god.
   619 | D:1      | Reached XP level 3. HP: 22/27 MP: 3/3
   914 | D:1      | Reached skill level 4 in Axes
  1358 | D:2      | Identified the +10 dagger "Ysum" {speed, rElec Will++ Dex-2
                  | SInv}
  1422 | D:2      | Reached XP level 4. HP: 30/33 MP: 4/4
  1773 | D:3      | Noticed a black bear
  2849 | D:4      | Reached skill level 5 in Axes
  2867 | D:4      | Reached XP level 5. HP: 36/38 MP: 2/5
  3486 | D:4      | Noticed an ogre
  4015 | D:4      | Noticed Natasha
  4029 | D:4      | Killed Natasha
  4076 | D:4      | Found Keguz's Armour Shoppe.
  4421 | D:4      | Noticed Natasha
  4429 | D:4      | Killed Natasha
  4430 | D:4      | Reached skill level 6 in Axes
  4493 | D:4      | Killed an ogre
  4494 | D:4      | Gained mutation: Spells you cast may paralyse nearby
                  | enemies. [demonic ancestry]
  4494 | D:4      | Reached XP level 6. HP: 44/44 MP: 6/6
  4631 | D:5      | Entered Level 5 of the Dungeon
  4744 | D:5      | Found a hazy altar of Hepliaklqana.
  4751 | D:5      | Became a worshipper of Hepliaklqana the Forgotten
  4904 | D:5      | Reached skill level 7 in Axes
  4981 | D:5      | Found a radiant altar of Vehumet.
  4981 | D:5      | Found a hide-covered altar of Uskayaw.
  5012 | D:5      | Reached XP level 7. HP: 50/50 MP: 7/7
  5449 | D:6      | Reached skill level 8 in Axes
  5516 | D:6      | Noticed Dowan
  5546 | D:6      | Killed Dowan
  5856 | D:6      | Reached * piety under Hepliaklqana
  5892 | D:6      | Found a bloodstained altar of Trog.
  6280 | D:6      | Slain by an orc warrior

Illustrated notes

Levels and vault maps discovered:
D:1:      erik_arrival_triangle_medium, layout_loops_ring,
          hellmonk_ecumenical_altar_dog_temple, minmay_misc_feat_rugged,
          minmay_tree_intersection
D:2:      layout_basic
D:3:      layout_loops_ring, uniq_robin
D:4:      layout_layer_cave, serial_shops, shop_statue, uniq_natasha
D:5:      layout_rooms, mainiacjoe_overflow_brackets,
          nicolae_overflow_two_pavilions
D:6:      layout_loops_cross, kennysheep_okawaru_gauntlet, marbit_many_paths,
          lemuel_coloured_pillars_altar, minmay_curled_crystal,
          skrybe_limestone_x, uniq_duvessa

Skill      XL: |  1  2  3  4  5  6  7 |
---------------+----------------------+-----
Axes           | 3 4 5 6 7 8 |  8.4
Fighting       | |  2.0
Throwing       | |  1.7
Dodging        | |  2.6

Action                     |  1- 3 |  4- 6 |  7- 9 || total
---------------------------+-------+-------+-------++-------
  Melee: War axe           |   119 |   122 |    53 ||   294
         Punch             |     2 |       |     2 ||     4
  Throw: Dart              |       |     6 |       ||     6
         Javelin           |       |     4 |       ||     4
         Throwing net      |       |     4 |       ||     4
 Invoke: Ancestor Identity |       |       |     1 ||     1
  Evoke: Wand              |       |       |     5 ||     5
    Use: Scroll            |     2 |     5 |     1 ||     8
         Potion            |       |       |     2 ||     2
 Armour: Leather armour    |    33 |       |       ||    33
         Ring mail         |    15 |    33 |     9 ||    57
         Skin              |       |       |     3 ||     3
  Dodge: Dodged            |    76 |    60 |    33 ||   169

Table legend: (Time is in decaauts)
 A = Elapsed time spent in this place.
 B = Non-inter-level travel time spent in this place.
 C = Inter-level travel time spent in this place.
 D = Time resting spent in this place.
 E = Time spent auto-exploring this place.
 F = Levels seen in this place.
 G = Mean time per level.
                   A        B        C        D        E       F      G
               +--------+--------+--------+--------+--------+-----+--------+
         Total |   6353 |   5691 |    662 |   1027 |   3351 |   6 | 1058.8 |
       Dungeon |   6353 |   5691 |    662 |   1027 |   3351 |   6 | 1058.8 |
               +--------+--------+--------+--------+--------+-----+--------+

Top non-repeatable levels by time:
     D:4: 1777 daAuts
     D:1: 1048 daAuts
     D:3: 1018 daAuts
     D:6: 909 daAuts
     D:2: 850 daAuts
     D:5: 750 daAuts
